 Dungeon Crawl Stone Soup version 0.29-a0-993-g4a18f31a58 (webtiles) character file.

Game seed: 7952195579127926949

673 ytrimaz the Cleaver (level 7, 52/52 HPs)
             Began as a Formicid Fighter on Aug 3, 2022.
             Quit the game on level 5 of the Dungeon.
             The game lasted 00:05:58 (5016 turns).

ytrimaz the Cleaver (Formicid Fighter)              Turns: 5016, Time: 00:05:59

Health: 52/52      AC:  9    Str: 23    XL:     7   Next: 90%
Magic:  7/7        EV:  9    Int:  7    God:
Gold:   225        SH:  6    Dex: 19    Spells: 6/6 levels left

rFire   . . .      SeeInvis +   a - +0 war axe (protect)
rCold   . . .      Faith    +   c - +0 buckler
rNeg    . . .      Spirit   .   b - +0 scale mail
rPois   .          Reflect  .   (helmet unavailable)
rElec   .          Harm     .   f - +2 cloak
rCorr   .          Rampage  .   (no gloves)
Will    +....                   (no boots)
Stlth   ..........              h - amulet of faith
HPRegen 0.17/turn               k - ring of willpower
MPRegen 0.10/turn               g - +6 ring of dexterity

@: no status effects
A: permanent stasis, dig shafts and tunnels, antennae 3, four strong arms,
iridescent scales 1, deformed body, screaming 1
a: Dig, Shaft Self


You were on level 5 of the Dungeon.
You visited 1 branch of the dungeon, and saw 5 of its levels.

You collected 225 gold pieces.

Inventory:

Hand Weapons
 a - a +0 war axe of protection (weapon)
Armour
 b - a +0 scale mail (worn)
 c - a +0 buckler (worn)
 f - a +2 cloak (worn)
Jewellery
 g - a +6 ring of dexterity (right hand)
 h - an amulet of faith (around neck)
 k - a ring of willpower (left hand)
Wands
 j - a wand of roots (16)
Scrolls
 e - a scroll of butterflies
 i - 2 scrolls of magic mapping
 l - a scroll of enchant armour
Potions
 d - a potion of degeneration {unknown}
 m - a potion of ambrosia {unknown}


   Skills:
 - Level 3.2 Fighting
 + Level 8.3 Axes
 - Level 3.2 Armour
 - Level 4.0 Shields


You had 6 spell levels left.
You didn't know any spells.
Your spell library was empty.

Dungeon Overview and Level Annotations

Branches:
Dungeon (5/15)
 Temple: D:4-7

Altars:
Ashenzari
Dithmenos
Elyvilon
Uskayaw
Wu Jian


Innate Abilities, Weirdness & Mutations

You cannot be hasted, slowed, berserked, paralysed or teleported.
You can dig through walls and to a lower floor.
You have a pair of large antennae on your head. (SInv)
Your four strong arms can wield two-handed weapons with a shield.
You are partially covered in iridescent scales. (AC +2)
Armour fits poorly on your strangely shaped body.
You occasionally shout uncontrollably at your foes.


Message History

You closely miss the iguana.
The iguana is moderately wounded.
The iguana bites you but does no damage.
You block the iguana's attack.
You slash the iguana!
The iguana is severely wounded.
You block the iguana's attack.
You hit the iguana but do no damage.
The iguana is severely wounded.
The iguana bites you.
You hit the iguana but do no damage.
The iguana is severely wounded.
The iguana bites you but does no damage.
You slash the iguana!
You kill the iguana!
No target in view!
No target in view!
No target in view!
No target in view!
No target in view!
There are no items here.
You see here a potion of mutation.
m - a potion of mutation You feel extremely strange.
Your fingernails shrink to normal size.
Your large bone plates disappear.
You feel the urge to shout.
Iridescent scales grow over part of your body.
Found a stone staircase leading down.
There is a stone staircase leading down here.
m - a fuming sapphire potion An adder comes into view.
The adder hisses angrily.
An adder is nearby!
An adder is nearby!
You miss the adder. The adder closely misses you.
You slash the adder!
Your weapon exudes an aura of protection.
You kill the adder!
You see here an adder corpse.
Are you sure you want to abandon this character and quit the game? (Confirm with "yes".)

#...##.#
#.# #.# #
#.# { #.#
#.# #.# #.#
#########.#
#.@..†....#
#.#########
#.# #.# ..#
###


There were no monsters in sight!

Vanquished Creatures
  A black bear (D:5)
  An ogre (D:5)
  Blork the orc (D:4)
  2 scorpions
  2 jellies (D:5)
  Crazy Yiuf (D:3)
  Jessica (D:3)
  2 iguanas
  4 adders
  A white imp (D:5)
  An ufetubus (D:4)
  A worm (D:2)
  2 dart slugs (D:3)
  11 orcs
  8 endoplasms
  3 giant cockroaches
  6 goblins
  6 hobgoblins
  4 jackals (D:4)
  2 quokkas
  8 ball pythons
  6 bats
  9 frilled lizards
  7 kobolds
  6 rats
96 creatures vanquished.

Notes
Turn   | Place    | Note
-------+----------+-------------------------------------------
     0 | D:1      | ytrimaz the Formicid Fighter began the quest for the Orb.
     0 | D:1      | Reached XP level 1. HP: 18/18 MP: 1/1
   124 | D:1      | Reached XP level 2. HP: 24/24 MP: 2/2
   310 | D:1      | Found a faded altar of an unknown god.
   340 | D:1      | Gained mutation: You occasionally lose the ability to read
                  | scrolls when taking damage. [potion of mutation]
   340 | D:1      | Gained mutation: You are robust. (+10% HP) [potion of
                  | mutation]
   340 | D:1      | Gained mutation: You are partially covered in iridescent
                  | scales. (AC +2) [potion of mutation]
   397 | D:1      | Reached skill level 3 in Axes
   641 | D:1      | Reached XP level 3. HP: 28/31 MP: 3/3
  1593 | D:2      | Lost mutation: You are partially covered in iridescent
                  | scales. (AC +2) [potion of mutation]
  1593 | D:2      | Lost mutation: You are robust. (+10% HP) [potion of
                  | mutation]
  1593 | D:2      | Lost mutation: You occasionally lose the ability to read
                  | scrolls when taking damage. [potion of mutation]
  1593 | D:2      | Gained mutation: Armour fits poorly on your strangely
                  | shaped body. [potion of mutation]
  1593 | D:2      | Gained mutation: You have sharp fingernails. [potion of
                  | mutation]
  1593 | D:2      | Gained mutation: You are partially covered in large bone
                  | plates. (SH +4) [potion of mutation]
  1667 | D:2      | Reached skill level 4 in Axes
  1667 | D:2      | Reached XP level 4. HP: 31/35 MP: 4/4
  2723 | D:3      | Found a runed translucent door.
  2724 | D:3      | Noticed Crazy Yiuf
  2815 | D:3      | Found a shadowy altar of Dithmenos.
  2815 | D:3      | Found an ornate altar of the Wu Jian Council.
  2815 | D:3      | Found a white marble altar of Elyvilon.
  2817 | D:3      | Found a broken altar of Ashenzari.
  2817 | D:3      | Found a hide-covered altar of Uskayaw.
  2818 | D:3      | Noticed Jessica
  2826 | D:3      | Killed Jessica
  2827 | D:3      | Reached XP level 5. HP: 33/41 MP: 5/5
  3340 | D:3      | Killed Crazy Yiuf
  3341 | D:3      | Reached skill level 5 in Axes
  3546 | D:4      | Noticed Blork the orc
  3561 | D:4      | Reached skill level 6 in Axes
  3561 | D:4      | Reached XP level 6. HP: 12/47 MP: 6/6
  3564 | D:4      | Killed Blork the orc
  4453 | D:5      | Entered Level 5 of the Dungeon
  4473 | D:5      | Reached skill level 7 in Axes
  4473 | D:5      | Reached XP level 7. HP: 52/52 MP: 7/7
  4492 | D:5      | HP: 1/52 [acid (8)]
  4895 | D:5      | Reached skill level 8 in Axes
  4972 | D:5      | Lost mutation: You have sharp fingernails. [potion of
                  | mutation]
  4972 | D:5      | Lost mutation: You are partially covered in large bone
                  | plates. (SH +4) [potion of mutation]
  4972 | D:5      | Gained mutation: You occasionally shout uncontrollably at
                  | your foes. [potion of mutation]
  4972 | D:5      | Gained mutation: You are partially covered in iridescent
                  | scales. (AC +2) [potion of mutation]
  5016 | D:5      | Quit the game

Illustrated notes

Levels and vault maps discovered:
D:1:      dpeg_arrival_three_same_balls, layout_basic, basic_ecumenical_altar
D:2:      layout_basic, kennysheep_generic_room_14
D:3:      layout_loops_corners, grunt_temple_overflow_open,
          uniq_crazy_yiuf_cottage, uniq_jessica
D:4:      layout_gridville, uniq_blork_the_orc
D:5:      layout_loops_ring, grunt_ministairs_14

Skill      XL: |  1  2  3  4  5  6  7 |
---------------+----------------------+-----
Axes           | 3 4 6 7 8 |  8.3
Fighting       | |  3.2
Armour         | |  3.2
Shields        | |  4.0

Action                   |  1- 3 |  4- 6 |  7- 9 || total
-------------------------+-------+-------+-------++-------
Melee: War axe           |   113 |   162 |    36 ||   311
  Use: Scroll            |     8 |     4 |     1 ||    13
       Potion            |     2 |     2 |     1 ||     5
 Stab: Invisible         |       |     1 |       ||     1
Armor: Scale mail        |    73 |    81 |    10 ||   164
Dodge: Dodged            |    55 |    79 |    11 ||   145
Block: Buckler           |    39 |    88 |    19 ||   146

Table legend: (Time is in decaauts)
 A = Elapsed time spent in this place.
 B = Non-inter-level travel time spent in this place.
 C = Inter-level travel time spent in this place.
 D = Time resting spent in this place.
 E = Time spent auto-exploring this place.
 F = Levels seen in this place.
 G = Mean time per level.
                   A        B        C        D        E       F      G
               +--------+--------+--------+--------+--------+-----+--------+
         Total |   5104 |   4952 |    152 |    329 |   3643 |   5 | 1020.8 |
       Dungeon |   5104 |   4952 |    152 |    329 |   3643 |   5 | 1020.8 |
               +--------+--------+--------+--------+--------+-----+--------+

Top non-repeatable levels by time:
     D:1: 1182 daAuts
     D:3: 1163 daAuts
     D:2: 1094 daAuts
     D:4: 1093 daAuts
     D:5: 569 daAuts
